 Dungeon Crawl Stone Soup version 0.29-a0-341-g24ffce5b50 (webtiles) character file.

Game seed: 8082459914824353808

4 Hubjo the Ducker (level 1, 0/13 HPs)
             Began as a Deep Elf Monk on Apr 20, 2022.
             Slain by a frilled lizard (2 damage)
             ... on level 1 of the Dungeon.
             The game lasted 00:00:22 (335 turns).

Hubjo the Ducker (Deep Elf Monk)                     Turns: 335, Time: 00:00:23

Health: 0/13       AC:  2    Str:  8    XL:     1   Next: 58%
Magic:  3/3        EV: 10    Int: 14    God:
Gold:   40         SH:  0    Dex: 17    Spells: 1/1 levels left

rFire   . . .      SeeInvis .   a - +0 short sword
rCold   . . .      Faith    .   (no shield)
rNeg    . . .      Spirit   .   b - +0 robe
rPois   .          Reflect  .   (no helmet)
rElec   .          Harm     .   (no cloak)
rCorr   .          Rampage  .   (no gloves)
Will    .....                   (no boots)
Stlth   ++........              (no amulet)
HPRegen 0.04/turn               (no ring)
MPRegen 0.08/turn               (no ring)

@: constricted
A: no striking features
a: no special abilities


You were on level 1 of the Dungeon.
You visited 1 branch of the dungeon, and saw 1 of its levels.

You collected 40 gold pieces.

Inventory:

Hand Weapons
 a - a +0 short sword (weapon)
Armour
 b - a +0 robe (worn)
Potions
 c - a potion of ambrosia


   Skills:
 + Level 2.5 Fighting
 - Level 3.0 Short Blades
 - Level 3.6 Dodging
 * Level 2.8 Stealth
 + Level 0.5 Spellcasting


You had one spell level left.
You didn't know any spells.
Your spell library was empty.

Dungeon Overview and Level Annotations

Branches:
Dungeon (1/15)

Altars:


Message History

A frilled lizard comes into view.
A jackal comes into view.
A ball python and a goblin come into view.
The jackal barks!
You hear a bark!
A jackal comes into view.
Found a mace.
The frilled lizard hisses angrily.
The goblin shouts!
The jackal bites you but does no damage.
A jackal comes into view.
The goblin misses you.
The ball python hisses angrily.
You hit the goblin.
The goblin is severely wounded.
The jackal barely misses you. The goblin closely misses you.
The jackal barely misses you. The jackal bites you.
You hit the goblin.
You kill the goblin!
The jackal bites you.
The jackal bites you but does no damage.
You barely miss the frilled lizard. The jackal barely misses you.
The jackal bites you. The frilled lizard closely misses you.
The jackal bites you. The jackal barely misses you.
You hit the frilled lizard but do no damage.
The ball python bites you. The ball python grabs you.
The ball python constricts you. The jackal closely misses you.
The frilled lizard closely misses you. The jackal closely misses you.
The ball python bites you but does no damage.
The ball python constricts you.
As you read the scroll labelled XUGRYU HESK, it crumbles to dust.
It is a scroll of identify.
You don't have any unidentified items.
The jackal bites you. The jackal closely misses you.
The frilled lizard misses you. The ball python barely misses you.
The ball python constricts you.
You hit the frilled lizard.
The frilled lizard is moderately wounded.
The jackal bites you.
* * * LOW HITPOINT WARNING * * *
The jackal barely misses you. The frilled lizard bites you.
You die...

#...........
#........).#
#..........#
#..........#
#..........#
#.(.h......#
#..lhh.....#
#.@S# ##..#
#..# ###.## ..
#....# #.
#....#### #.
#....#..###
####
#....#....###
....
#....#......###
###


You could see 3 jackals, a ball python and a frilled lizard.

Vanquished Creatures
  A dart slug (D:1)
  A kobold (D:1)
  A goblin (D:1)
3 creatures vanquished.

Notes
Turn   | Place    | Note
-------+----------+-------------------------------------------
     0 | D:1      | Hubjo the Deep Elf Monk began the quest for the Orb.
     0 | D:1      | Reached XP level 1. HP: 13/13 MP: 3/3
   335 | D:1      | Slain by a frilled lizard

Illustrated notes

Levels and vault maps discovered:
D:1:      lemuel_arrival_funnel, layout_basic

Action                   || total
-------------------------++-------
Melee: Short sword       ||    14
  Use: Scroll            ||     1
Armor: Robe              ||     4
Dodge: Dodged            ||    17

Table legend: (Time is in decaauts)
 A = Elapsed time spent in this place.
 B = Non-inter-level travel time spent in this place.
 C = Inter-level travel time spent in this place.
 D = Time resting spent in this place.
 E = Time spent auto-exploring this place.
 F = Levels seen in this place.
 G = Mean time per level.
                   A        B        C        D        E       F      G
               +--------+--------+--------+--------+--------+-----+--------+
         Total |    334 |    334 |      0 |      0 |    302 |   1 |  334.0 |
       Dungeon |    334 |    334 |      0 |      0 |    302 |   1 |  334.0 |
               +--------+--------+--------+--------+--------+-----+--------+

Top non-repeatable levels by time:
     D:1: 334 daAuts
